 Dungeon Crawl Stone Soup version 0.17-a0-2027-gcac42c4 (webtiles) character file.

382 radek the Ducker (level 6, -1/54 HPs)
             Began as a Troll Fighter on Oct 10, 2015.
             Slain by an ogre
             ... wielding a +0 giant club
              (17 damage)
             ... on level 4 of the Dungeon.
             The game lasted 00:17:08 (2245 turns).

radek the Ducker (Troll Fighter)                    Turns: 2245, Time: 00:17:08

Health: -1/54      AC:  5    Str: 27    XL:     6   Next: 47%
Magic:  15/15      EV:  9    Int:  4    God:
Gold:   255        SH:  9    Dex:  9    Spells: 1 memorised, 5 levels left

rFire  . . .     SeeInvis .     a - +0 flail
rCold  . . .     Clarity  .     h - +0 robe
rNeg   . . .     SustAt   +     c - +0 shield
rPois  .         Gourm    +     (helmet restricted)
rElec  .         Spirit   .     (no cloak)
rCorr  .         Warding  .     (gloves unavailable)
rMut   .         Stasis   .     (boots unavailable)
MR     .....                    (no amulet)
Stlth  +.........               l - ring of sustain attributes
                                j - ring of magical power

@: very slightly contaminated, not resistant to hostile enchantments, very
unstealthy
A: unfitting armour, claws 3, fast metabolism 3, frail 1, gourmand, regeneration
2, shaggy fur 1, tough skin 2
a: no special abilities


You were on level 4 of the Dungeon.
You were not hungry.

You visited 1 branch of the dungeon, and saw 4 of its levels.

You collected 255 gold pieces.

Inventory:

Hand Weapons
 a - a +0 flail (weapon)
 f - a +2 dagger of draining
 m - a +0 spear
 p - a +0 hand axe
 B - a +0 halberd
Armour
 b - a +0 robe
 c - a +0 shield (worn)
 h - a +0 robe (worn)
Jewellery
 j - a ring of magical power (left claw)
 l - a ring of sustain attributes (right claw)
Scrolls
 g - 3 scrolls of remove curse {unknown}
 o - 2 scrolls of teleportation {unknown}
 s - 2 scrolls of blinking {unknown}
 t - a scroll of random uselessness {unknown}
 u - 4 scrolls of identify {unknown}
 y - a scroll of enchant armour {unknown}
 A - a scroll of fear {unknown}
Potions
 d - a potion of might
 i - 2 potions of brilliance {unknown}
 n - 2 potions of curing {unknown}
 q - a potion of resistance {unknown}
 w - a potion of haste {unknown}
 x - 2 potions of heal wounds {unknown}
 C - a potion of degeneration {unknown}
Books
 v - a book of Air

   Spells                             Type                      Level
   a - Shock                          Conjuration/Air              1
   b - Swiftness                      Charms/Air                   2
   c - Repel Missiles                 Charms/Air                   2
   d - Static Discharge               Conjuration/Air              3
   e - Lightning Bolt                 Conjuration/Air              5
Comestibles
 e - 2 bread rations
 k - a meat ration
 r - 2 fruits
 z - 3 chunks of flesh


   Skills:
 + Level 3.1 Fighting
 + Level 2.8 Maces & Flails
 + Level 4.0 Dodging
 + Level 3.6 Shields
 + Level 0.6 Spellcasting
 + Level 0.3 Conjurations
 + Level 0.7 Air Magic


You had 5 spell levels left.
You knew the following spells:

 Your Spells              Type           Power        Failure   Level  Hunger
a - Shock                 Conj/Air       #...         97%         1    ##.....


Dungeon Overview and Level Annotations

Branches:
Dungeon (4/15)
 Temple: D:4-7

Altars:
Dithmenos
Gozag
Qazlal
Trog


Innate Abilities, Weirdness & Mutations

You are too large for most types of armour.
You have claws for hands.
Your metabolism is lightning-fast.
You like to eat raw meat.
You heal very quickly.
You are covered in fur (AC +1).
You have very tough skin (AC +2).
You are frail (-10% HP).


Message History

You block the ogre's attack.
You hit the ogre but do no damage.
The ogre is lightly wounded.
The ogre barely misses you.
You hit the ogre.
The ogre is moderately wounded.
The ogre hits you with a giant club!
You hit the ogre but do no damage.
The ogre is moderately wounded.
You hit the ogre.
The ogre is moderately wounded.
The ogre closely misses you.
You sock the ogre!
The ogre is almost dead.
The ogre hits you with a giant club!!
* * * LOW HITPOINT WARNING * * *
You barely miss the ogre.
The ogre is almost dead.
The ogre hits you with a giant club!
You die... ... #.# # #.# .# #.##. ##g.. .gg

#. #O# #.. #@#
#..###.####..#
#............#
##.####.#####.#
#####...###.#
............#
####...#####
#####.#######.
#....#........


You could see an ogre and 3 gnolls.

Vanquished Creatures
  The ghost of graki42 the Ruffian, an amateur NaTm (D:3)
  A hound (D:4)
  2 orc priests (D:3)
  4 gnolls
  4 adders
  An ooze (D:2)
  2 worms (D:3)
  2 giant geckos
  6 orcs (D:3)
  9 bats
  3 giant cockroaches
  7 hobgoblins
  5 kobolds
  4 ball pythons
  3 giant newts
  5 goblins
  7 rats
66 creatures vanquished.

Notes
Turn   | Place    | Note
--------------------------------------------------------------
     0 | D:1      | radek the Troll Fighter began the quest for the Orb.
     0 | D:1      | Reached XP level 1. HP: 22/22 MP: 0/0
   273 | D:1      | Reached XP level 2. HP: 26/29 MP: 1/1
   817 | D:2      | Reached XP level 3. HP: 36/36 MP: 2/2
  1023 | D:2      | Reached skill level 3 in Dodging
  1247 | D:2      | Learned a level 1 spell: Shock
  1314 | D:3      | Noticed graki42's ghost (amateur NaTm)
  1502 | D:3      | Killed graki42's ghost
  1502 | D:3      | Reached XP level 4. HP: 14/45 MP: 3/3
  1502 | D:3      | Reached XP level 5. HP: 16/53 MP: 4/4
  1643 | D:3      | Found a shadowy altar of Dithmenos.
  1716 | D:2      | Reached XP level 6. HP: 39/61 MP: 5/5
  1789 | D:3      | Reached skill level 4 in Dodging
  1818 | D:3      | Found a stormy altar of Qazlal.
  1819 | D:3      | Found an opulent altar of Gozag.
  2011 | D:3      | Gained mutation: You are frail (-10% HP). [mutagenic glow]
  2085 | D:3      | Found a bloodstained altar of Trog.
  2245 | D:4      | Slain by an ogre

Vault maps used:
D:1:      dpeg_arrival_signposts
D:3:      lemuel_crystal_altar, gammafunk_temple_overflow_pools,
          nicolae_dithmenos_shadow_blocks
D:4:      grunt_temple_overflow_order_and_chaos_1, first_bread, serial_shops,
          nicolae_shop_trees, item_on_display_a, uniq_edmund

Action                   |  1- 3 |  4- 6 || total
-------------------------+-------+-------++-------
Melee: Flail             |   150 |   117 ||   267
  Eat: Chunk             |    12 |     7 ||    19
       Fruit             |       |     2 ||     2
